 Dungeon Crawl Stone Soup version 0.29.1-1-gd02db6906a (webtiles) character file.

Game seed: 443374708830432423

104 LustLizard the Vexing (level 4, -4/22 HPs)
             Began as a Spriggan Arcane Marksman on Sept 21, 2022.
             Blown up by Ijyb (17 damage)
             ... with a mindburst bolt
             ... on level 3 of the Dungeon.
             The game lasted 00:07:29 (2740 turns).

LustLizard the Vexing (Spriggan Arcane Marksman)    Turns: 2740, Time: 00:07:29

Health: -4/22      AC:  2    Str:  6    XL:     4   Next: 52%
Magic:  15/16      EV: 18    Int: 14    God:
Gold:   114        SH:  0    Dex: 23    Spells: 1/5 levels left

rFire   . . .      SeeInvis +   a - +1 sling
rCold   . . .      Faith    .   (no shield)
rNeg    . . .      Spirit   .   c - +0 robe
rPois   .          Reflect  .   (helmet restricted)
rElec   .          Harm     .   (no cloak)
rCorr   .          Rampage  .   (gloves unavailable)
Will    .....                   (boots unavailable)
Stlth   +++.......              (no amulet)
HPRegen 0.07/turn               g - ring of magical power
MPRegen 0.15/turn               j - +6 ring of dexterity

@: weak-willed, very slightly contaminated, very quick
A: very small, no large weapons, unfitting armour, see invisible, speed 3
a: no special abilities


You were on level 3 of the Dungeon.
You visited 1 branch of the dungeon, and saw 4 of its levels.

You collected 114 gold pieces.

Inventory:

Hand Weapons
 a - a +1 sling (weapon)
 m - a +2 dagger of draining
Armour
 c - a +0 robe (worn)
Jewellery
 g - a ring of magical power (left hand)
 j - a +6 ring of dexterity (right hand)
Scrolls
 b - a scroll of poison
Potions
 h - 2 potions of resistance
 i - a potion of might
 l - a potion of haste {unknown}
 n - a potion of heal wounds {unknown}


   Skills:
 + Level 1.3 Fighting
 * Level 3.0 Ranged Weapons
 - Level 2.6 Dodging
 * Level 3.3 Stealth
 - Level 1.3 Spellcasting
 - Level 4.5 Hexes
 * Level 1.4 Translocations


You had one spell level left.
You knew the following spells:

 Your Spells              Type           Power      Damage    Failure   Level
a - Slow                  Hex            52%        N/A       4%          1
b - Portal Projectile     Hex/Tloc       18%        N/A       22%         3

Your spell library contained the following spells:

 Spells                   Type           Power      Damage    Failure   Level
 Confusing Touch          Hex            13%        N/A       12%         3
 Dazzling Flash           Conj/Hex       14%        N/A       30%         3
 Inner Flame              Hex/Fire       7%         N/A       30%         3
 Cause Fear               Hex            6%         N/A       36%         4
 Iskenderun's Mystic Bla  Conj/Tloc      2%         2d3       88%         4
 Yara's Violent Unravell  Hex/Tmut       3%         3d4       95%         5
 Starburst                Conj/Fire      0%         6d3       100%        6
 Enfeeble                 Hex            6%         N/A       100%        7


Dungeon Overview and Level Annotations

Branches:
Dungeon (4/15)
 Temple: D:4-7

Altars:
Nemelex Xobeh
Qazlal
Vehumet

Shops:
D:2 :

Annotations:
D:3 Ijyb


Innate Abilities, Weirdness & Mutations

You are very small and have problems with some larger weapons.
You are too small for most types of armour.
You have supernaturally acute eyesight. (SInv)
You cover ground extremely quickly. (Speed+++)


Message History

You are very lightly contaminated with residual magic.
Nothing appears to happen.
Ijyb screams, "Level is mine!
All mine!"
Aiming: Slow (safe; 4% risk of failure)
Press: ? - help, Q - select action, (/) - cycle Shift-Dir - straight line, f/p - Ijyb
Aim: Ijyb, wielding a +0 dagger, wearing a +0 scale mail and carrying a wand of mindburst (11) (lightly wounded, chance to affect: 61%) Ijyb seems to slow down.
Ijyb barely misses you.
Aiming: Slow (safe; 4% risk of failure)
Press: ? - help, Q - select action, (/) - cycle Shift-Dir - straight line, f/p - Ijyb
Aim: Ijyb, wielding a +0 dagger, wearing a +0 scale mail and carrying a wand of mindburst (11) (lightly wounded, slow, chance to affect: 61%)
Okay, then.
Fire: a) +1 sling
Press: ? - help, Q - select action, (/) - cycle Shift-Dir - straight line, f/p - Ijyb
Aim: Ijyb, wielding a +0 dagger, wearing a +0 scale mail and carrying a wand of mindburst (11) (lightly wounded, slow, 60% to hit)
You shoot a sling bullet.
The sling bullet hits Ijyb but does no damage.
Ijyb is lightly wounded.
Ijyb barely misses you.
Fire: a) +1 sling
Press: ? - help, Q - select action, (/) - cycle Shift-Dir - straight line, f/p - Ijyb
Aim: Ijyb, wielding a +0 dagger, wearing a +0 scale mail and carrying a wand of mindburst (11) (lightly wounded, slow, 60% to hit)
You shoot a sling bullet.
The sling bullet hits Ijyb but does no damage.
Ijyb is lightly wounded.
Ijyb hits you with a +0 dagger.
Fire: a) +1 sling
Press: ? - help, Q - select action, (/) - cycle Shift-Dir - straight line, f/p - Ijyb
Aim: Ijyb, wielding a +0 dagger, wearing a +0 scale mail and carrying a wand of mindburst (11) (lightly wounded, slow, 60% to hit)
You shoot a sling bullet. The sling bullet hits Ijyb!
Ijyb is heavily wounded.
Ijyb completely misses you.
Fire: a) +1 sling
Press: ? - help, Q - select action, (/) - cycle Shift-Dir - straight line, f/p - Ijyb
Aim: Ijyb, wielding a +0 dagger, wearing a +0 scale mail and carrying a wand of mindburst (11) (heavily wounded, slow, 60% to hit)
You shoot a sling bullet. The sling bullet hits Ijyb.
Ijyb is heavily wounded.
Ijyb zaps a wand.
Your mind is blasted!
Ouch! That really hurt!
You die...

..>........ #.# ...........
#.# ........... #.#
##...######## #.#
#..........### #.#
#.........##_## #.#
#........##...# #.#
#.......####'#### #.#
#......##.#...#@## #.#
#.........'.⌠.g._# #.#
#......##.#...#.## #.#
#.......####'#### #.#
#........##...# #.#
#.........##_## #.#
####........### #.#
..÷..........# #.#
####.........##############.##


You could see Ijyb (slow).

Vanquished Creatures
  3 adders
  2 worms
  A dart slug (D:2)
  4 orcs (D:2)
  4 ball pythons
  6 bats
  9 endoplasms
  3 giant cockroaches
  4 goblins
  3 hobgoblins
  2 jackals (D:2)
  3 quokkas
  4 frilled lizards
  5 kobolds
  8 rats
61 creatures vanquished.

Notes
Turn   | Place    | Note
-------+----------+-------------------------------------------
     0 | D:1      | LustLizard the Spriggan Arcane Marksman began the quest for
                  | the Orb.
     0 | D:1      | Reached XP level 1. HP: 9/9 MP: 3/3
    96 | D:1      | Reached skill level 1 in Stealth
   128 | D:1      | Reached XP level 2. HP: 14/14 MP: 5/5
   174 | D:1      | Reached skill level 1 in Fighting
   408 | D:1      | Found a faded altar of an unknown god.
   411 | D:1      | Reached skill level 4 in Hexes
   822 | D:1      | Reached XP level 3. HP: 11/18 MP: 6/6
  1435 | D:2      | Learned a level 3 spell: Portal Projectile
  1611 | D:2      | Found Biagreim's Book Shoppe.
  1968 | D:2      | Reached skill level 1 in Translocations
  1968 | D:2      | Reached XP level 4. HP: 21/22 MP: 7/7
  2247 | D:3      | Noticed Ijyb
  2687 | D:3      | Found a radiant altar of Vehumet.
  2690 | D:3      | Found a sparkling altar of Nemelex Xobeh.
  2694 | D:3      | Found a stormy altar of Qazlal.
  2740 | D:3      | Blown up by Ijyb

Illustrated notes

Levels and vault maps discovered:
D:1:      lemuel_arrival_lava_pool, layout_loops_cross,
          dreamdust_ecumenical_altar_angels_and_demons,
          minmay_tree_intersection, chequers_arboretum, kennysheep_boxes
D:2:      layout_basic, serial_shops, nicolae_square_shop,
          kennysheep_generic_room_13
D:3:      layout_basic, chequers_temple_overflow_statue_of_worship,
          grunt_temple_overflow_diamond, moated_statue, uniq_ijyb
D:4:      cheibrodos_helix_gallery, layout_cave_pods,
          mainiacjoe_overflow_alcove_1

Skill      XL: |  1  2  3  4 |
---------------+-------------+-----
Stealth        | 1 2 3 |  3.3
Fighting       | 1 |  1.3
Hexes          | 4 |  4.5
Translocations | 1 |  1.4
Ranged Weapons | 3 |  3.0
Dodging        | |  2.6
Spellcasting   | |  1.3

Action                   |  1- 3 |  4- 6 || total
-------------------------+-------+-------++-------
 Fire: Sling             |   171 |    68 ||   239
 Cast: Slow              |     1 |     3 ||     4
  Use: Scroll            |       |     6 ||     6
       Potion            |       |     1 ||     1
Armor: Robe              |    11 |     4 ||    15
Dodge: Dodged            |    52 |    18 ||    70
